Workbook

Sheet INSUMOS
D3: SECRETARIA DISTRITAL DEL HABITAT
D4: ANEXO - OFERTA ECONÓMICA
D6: OBJETO CONTRACTUAL:
D7: CONTRATAR LA EJECUCIÓN DE LAS OBRAS DE MEJORAMIENTO DE VIVIENDA EN LA MODALIDAD DE HABITABILIDAD DE LOS PROYECTOS ESTRUCTURADOS EN LOS TERRITORIOS PRIORIZADOS POR LA SECRETARÍA DISTRITAL DEL HÁBITAT. GRUPOS 1, 2 Y 3 - 2022
B12: CÓDIGO | C12: NOMBRE INSUMO | D12: UNIDAD | E12: PRECIO ESTIMADO POR LA ENTIDAD | F12: PRECIO OFERTADO POR EL PROPONENTE
B13: MO | C13: MANO DE OBRA (INCLUYE FACTOR PRESTACIONAL)
B14: MO001 | C14: AYUDANTE ALBAÑILERIA CON PRESTACIONES (JR) | D14: JR | E14: 66583
B15: MO002 | C15: OFICIAL ALBAÑILERIA CON PRESTACIONES (JR) | D15: JR | E15: 95445
B16: MO003 | C16: OFICIAL ALBAÑILERIA CON PRESTACIONES (HH) | D16: HH | E16: 11930.625
B17: MO004 | C17: AYUDANTE ALBAÑILERIA CON PRESTACIONES (HH) | D17: HH | E17: 8322.875
B18: MO005 | C18: AYUDANTE ELÉCTRICA CON PRESTACIONES ((JR) | D18: JR | E18: 78128
B19: MO006 | C19: OFICIAL ELÉCTRICA CON PRESTACIONES (JR) | D19: JR | E19: 112762
B20: MO007 | C20: OFICIAL ELÉCTRICA CON PRESTACIONES (HH) | D20: HH | E20: 14095.25
B21: MO009 | C21: OFICIAL INSTALACIONES BASICAS CON PRESTACIONES (JR) | D21: JR | E21: 112762
B22: MO010 | C22: OFICIAL INSTALACIONES BASICAS CON PRESTACIONES (HH) | D22: HH | E22: 14095.25
B23: MO023 | C23: AYUDANTE DRYWALL CON PRESTACIONES | D23: JR | E23: 66583
B24: MO024 | C24: OFICIAL DRYWALL CON PRESTACIONES | D24: JR | E24: 95445
B25: MO031 | C25: CUADRILLA ( OFICIAL ALBAÑILERÍA + AYUDANTE ALBAÑILERÍA) CON PRESTACIONES (HC) | D25: HC | E25: 20253.5
... B42: MO060 | C42: CUADRILLA HH METÁLICAS CON PRESTACIONES | D42: HH | E42: 39159
B64: TR | C64: TRANSPORTES Y ACARREOS
B65: TR007 | C65: TRANSPORTE DE EQUIPO MENOR | D65: VJ | E65: 52159.86
B66: AG | C66: AGREGADOS, BASES Y SUBBASES
B67: AG001 | C67: ARENA DE PEÑA CERNIDA | D67: M3 | E67: 120402
B68: AG003 | C68: RECEBO COMUN (INCLUYE TRANSPORTE) | D68: M3 | E68: 10497
B69: AG004 | C69: RECEBO B-400 | D69: M3 | E69: 18000
B70: AG005 | C70: MIXTO | D70: M3 | E70: 119000
B71: AG006 | C71: GRAVA N. 7 - 1/2" | D71: M3 | E71: 66496
B72: AG008 | C72: TRITURADO 3/4" | D72: M3 | E72: 0
B73: AG009 | C73: RAJÓN (INCLUYE TRANSPORTE) | D73: M3 | E73: 36018
B74: AG010 | C74: GRAVA CANTO RODADO 1/2" | D74: M3 | E74: 82326
B75: AG011 | C75: GRAVA TRITURADO 3/4" | D75: M3 | E75: 0
B76: AG012 | C76: GRAVILLA DE RIO DE 1/2" | D76: M3 | E76: 82326
B77: AG018 | C77: ARENA LAVADA DE PEÑA | D77: M3 | E77: 120402
B78: AG019 | C78: PIEDRA MEDIA ZONGA (INCLUYE TRANSPORTE) | D78: M3 | E78: 42861
... B81: AG022 | C81: ARENA DE PEÑA CERNIDA | D81: M3 | E81: 0
B82: CP | C82: CONCRETOS Y MORTEROS PREMEZCLADOS
B83: CP001 | C83: CONCRETO 3500 PSI DE PLANTA | D83: M3 | E83: 369027
B84: CP002 | C84: CONCRETO 3000 PSI DE PLANTA | D84: M3 | E84: 322951
B85: CP003 | C85: CONCRETO 2500 PSI DE PLANTA | D85: M3 | E85: 293611
B86: CP004 | C86: CONCRETO 2000 PSI DE PLANTA | D86: M3 | E86: 286533
B87: CP005 | C87: CONCRETO 1500 PSI DE PLANTA | D87: M3 | E87: 253586
B88: CP006 | C88: CONCRETO GRAVA COMUN 2000 PSI (140 KG/CM2) | D88: M3 | E88: 0
B89: CP007 | C89: CONCRETO GRAVA COMUN 2500 PSI (175 KG/CM2) | D89: M3 | E89: 0
B90: CP008 | C90: CONCRETO GRAVA COMUN 3000 PSI (210 KG/CM2) | D90: M3 | E90: 0
B91: CP009 | C91: CONCRETO GRAVA COMUN 3500 PSI (245 KG/CM2) | D91: M3 | E91: 0
B92: CP010 | C92: CONCRETO GRAVA COMUN 4000 PSI (280 KG/CM2) | D92: M3 | E92: 0
B93: CP011 | C93: CONCRETO GRAVA COMUN 5000 PSI (350 KG/CM2) | D93: M3 | E93: 0
B94: CP012 | C94: CONCRETO GRAVA FINA 3000 PSI (210 KG/CM2) | D94: M3 | E94: 0
... B102: CP030 | C102: MORTERO 3000 PSI (210KG/CM2) | D102: M3 | E102: 0
B103: CO | C103: CONCRETOS Y MORTEROS HECHOS EN OBRA
B104: CO001 | C104: CONCRETO MEZCLA EN OBRA 1:3:6 AGREGADOS DE RIO (APROX 1500 PSI) | D104: M3 | E104: 0
B105: SUB-CO03 | C105: CONCRETO MEZCLA EN OBRA 1:3:4 AGREGADOS DE RIO (APROX 2000 PSI) | D105: M3 | E105: 0
B106: SUB-CO05 | C106: CONCRETO MEZCLA EN OBRA 1:2:4 AGREGADOS DE RIO (APROX 2500 PSI) | D106: M3 | E106: 359487.7
B107: SUB-CO07 | C107: CONCRETO MEZCLA EN OBRA 1:2:3 AGREGADOS DE RIO (APROX 3000 PSI) | D107: M3 | E107: 0
B108: SUB-CO014 | C108: CONCRETO MEZCLA EN OBRA 1:2:2 AGREGADOS DE RIO (APROX 3500 PSI) | D108: M3 | E108: 0
B109: CO015 | C109: MORTERO 1:2 (HECHO EN OBRA) | D109: M3 | E109: 0
B110: CO016 | C110: MORTERO 1:3 (HECHO EN OBRA) | D110: M3 | E110: 449752
B111: CO017 | C111: MORTERO 1:3 IMPERMEABILIZADO (HECHO EN OBRA) | D111: M3 | E111: 625203
B112: CO018 | C112: MORTERO 1:4 (HECHO EN OBRA) | D112: M3 | E112: 416400
B113: CO019 | C113: MORTERO 1:4 IMPERMEABILIZADO (HECHO EN OBRA) | D113: M3 | E113: 0
B114: CO020 | C114: MORTERO 1:5 (HECHO EN OBRA) | D114: M3 | E114: 0
B115: CO023 | C115: PAÑETE LISO IMPERMEABILIDADO INTEGRALMENTE 1:3 E= 2CM | D115: M2 | E115: 0
B116: EQ | C116: EQUIPO PESADO
B117: EQ006 | C117: VIBROCOMPACTADOR GASOLINA 32X35CM | D117: HR | E117: 0
B118: EQ014 | C118: VOLQUETA 6M3 (INCLUYE CARGUE Y ESCOMBRERA) | D118: VJ | E118: 300720
B119: EQ015 | C119: VIBRADOR TIPO AGUJA | D119: DIA | E119: 0
B120: HE | C120: EQUIPO LIVIANO Y HERRAMIENTAS
B121: HE001 | C121: RANA | D121: DIA | E121: 0
B122: HE002 | C122: HERRAMIENTA MENOR | D122: GLB | E122: 3284.4444
B123: HE003 | C123: COMPRESOR CON DOS PISTOLAS SIN OPERADOR | D123: DIA | E123: 0
B124: HE004 | C124: COMPRESOR DE AIRE PEQUEÑO | D124: DIA | E124: 0
B125: HE006 | C125: REGLA VIBRATORIA A GASOLINA | D125: DIA | E125: 0
B126: HE007 | C126: MEZCALDORA A GASOLINA | D126: DIA | E126: 0
B127: HE008 | C127: MOTOSIERRA | D127: DIA | E127: 0
B128: HE009 | C128: CORTADORA DE CONCRETO (SIN DISCO) | D128: DIA | E128: 0
B129: HE010 | C129: CORTADORA DE LADRILLO (SIN DISCO) | D129: DIA | E129: 0
B130: HE011 | C130: VIBRADOR DE CONCRETO A GASOLINA Y/O ELECTRICO | D130: DIA | E130: 0
B131: HE012 | C131: MOTOBOMBA SUMERGIBLE Ø 2" O 3" | D131: DIA | E131: 0
B132: HE013 | C132: BENITIN 120 | D132: DIA | E132: 0
... B151: HE038 | C151: ACPM | D151: GAL | E151: 0
B152: AC | C152: ACEROS PARA REFUERZO
B153: AC001 | C153: ACERO FIGURADO NO.2 (Ø1/4") F'Y=37000 PSI | D153: KG | E153: 4533.3333
B154: AC002 | C154: ACERO FIGURADO NO.3 (Ø3/8") F'Y=60000 PSI | D154: KG | E154: 4226
B155: AC003 | C155: ACERO FIGURADO NO.5 (Ø5/8") F'Y=60000 PSI | D155: KG | E155: 3933
B156: AC004 | C156: ACERO FIGURADO NO.6 (Ø3/4") F'Y=60000 PSI | D156: KG | E156: 3933
B157: AC005 | C157: ACERO FIGURADO NO.7 (Ø7/8") F'Y=60000 PSI | D157: KG | E157: 3933
B158: AC006 | C158: ACERO FIGURADO NO.4 (Ø1/2") F'Y=60000 PSI | D158: KG | E158: 3933
B159: AC007 | C159: MALLA ELECTROSOLDADA S=250X250MM, Ø=4X4MM | D159: KG | E159: 0
B160: AC008 | C160: MALLA ELECTROSOLDADA S=150X150MM, Ø=5X5MM | D160: KG | E160: 0
B161: AC009 | C161: MALLA ELECTROSOLDADA S=150X150MM, Ø=6X6MM | D161: KG | E161: 0
B162: AC010 | C162: MALLA ELECTROSOLDADA S=150X150MM, Ø=7X7MM | D162: KG | E162: 0
B163: AC011 | C163: MALLA ELECTROSOLDADA S=150X150MM, Ø=8X8MM | D163: KG | E163: 0
B164: AC012 | C164: MALLA ELECTROSOLDADA S=150X150MM, Ø=4X4MM | D164: KG | E164: 0
... B184: AC037 | C184: BARRA CORRUGADA G-60 3/8" (6M) | D184: UN | E184: 0
B185: GE | C185: GEOSINTETICOS
B186: GE001 | C186: GEOTEXTIL PAVCO NO TEJIDO 2500 M² 1.08 | D186: M2 | E186: 0
B187: GE002 | C187: GEOTEXTIL NT 3000 | D187: M2 | E187: 0
B188: GE008 | C188: GEOTEXTIL TEJIDO FORTEX BX-60 | D188: M3 | E188: 0
B189: GE009 | C189: GEOTEXTIL TEJIDO FORTEX BX-40 | D189: M4 | E189: 0
B190: BL | C190: LADRILLOS, BLOQUES Y ADOQUINES
...

Sheet APU
E3: SECRETARIA DISTRITAL DEL HÁBITAR
E4: ANEXO - OFERTA ECONÓMICA
E6: OBJETO CONTRACTUAL:
E7: CONTRATAR LA EJECUCIÓN DE LAS OBRAS DE MEJORAMIENTO DE VIVIENDA EN LA MODALIDAD DE HABITABILIDAD DE LOS PROYECTOS ESTRUCTURADOS EN LOS TERRITORIOS PRIORIZADOS POR LA SECRETARÍA DISTRITAL DEL HÁBITAT. GRUPOS 1, 2 Y 3 - 2022
B12: CÓDIGO APU | C12: CÓDIGO INSUMO | D12: DESCRIPCIÓN | E12: UNIDAD | F12: CANTIDAD | G12: DESPERDICIO | H12: TARIFA | I12: PRECIO UNITARIO ESTIMADO POR LA ENTIDAD | J12: TARIFA OFERTADA POR EL PROPONENTE | K12: PRECIO UNITARIO OFERTADO POR EL PROPONENTE
B13: 1,1 | D13: TRANSPORTE DE MATERIALES TRASIEGO EN OBRA | E13: M3 | I13: =+SUM(I14:I16) -> 155144.54 | J13: =SUM(J14:J16) -> 0 | K13: =SUM(K14:K16) -> 0
C14: HE002 | D14: HERRAMIENTA MENOR | E14: GLB | F14: 1 | G14: 0 | H14: 3284.4444 | I14: =+(F14+G14)*H14 -> 3284.4444 | J14: =+VLOOKUP(C14,INSUMOS!$B$12:$F$777,5,FALSE) -> 0 | K14: =+(F14+G14)*J14 -> 0
C15: MO032 | D15: CUADRILLA (2 AYUDANTES ALBAÑILERIA CON PRESTACIONES) | E15: JR | F15: 0.35 | G15: 0 | H15: 133166 | I15: =+(F15+G15)*H15 -> 46608.1 | J15: 0 | K15: 0
C16: EQ014 | D16: VOLQUETA 6M3 (INCLUYE CARGUE Y ESCOMBRERA) | E16: VJ | F16: 0.35 | G16: 0 | H16: 300720 | I16: =+(F16+G16)*H16 -> 105252 | J16: =+VLOOKUP(C16,INSUMOS!$B$12:$F$777,5,FALSE) -> 0 | K16: =+(F16+G16)*J16 -> 0
B17: 2.1.1 | D17: DESMONTE DE LAVAMANOS O SANITARIO (INCLUYE RETIRO DE ESCOMBROS) | E17: UN | I17: =+SUM(I18:I21) -> 7335.3524 | J17: =SUM(J18:J21) -> 0 | K17: =SUM(K18:K21) -> 0
C18: HE002 | D18: HERRAMIENTA MENOR | E18: GLB | F18: 0.1 | G18: 0 | H18: 3284.4444 | I18: =+(F18+G18)*H18 -> 328.44444 | J18: =+VLOOKUP(C18,INSUMOS!$B$12:$F$777,5,FALSE) -> 0 | K18: =+(F18+G18)*J18 -> 0
C19: EQ014 | D19: VOLQUETA 6M3 (INCLUYE CARGUE Y ESCOMBRERA) | E19: VJ | F19: 0.0014 | G19: 0 | H19: 300720 | I19: =+(F19+G19)*H19 -> 421.008 | J19: =+VLOOKUP(C19,INSUMOS!$B$12:$F$777,5,FALSE) -> 0 | K19: =+(F19+G19)*J19 -> 0
C20: RE028 | D20: TAPON ROSCADO PRESIÓN PVC 1/2" | E20: UN | F20: 1 | G20: 0 | H20: 510 | I20: =+(F20+G20)*H20 -> 510 | J20: =+VLOOKUP(C20,INSUMOS!$B$12:$F$777,5,FALSE) -> 0 | K20: =+(F20+G20)*J20 -> 0
C21: MO031 | D21: CUADRILLA ALBAÑILERÍA AA (OFICIAL + AYUDANTE) | E21: HC | F21: 0.3 | G21: 0 | H21: 20253 | I21: =+(F21+G21)*H21 -> 6075.9 | J21: =+VLOOKUP(C21,INSUMOS!$B$12:$F$777,5,FALSE) -> 0 | K21: =+(F21+G21)*J21 -> 0
B22: 2.1.2 | D22: DESMONTE DE LAVAPLATOS EN ACERO INOXIDABLE SENCILLO | E22: UN | I22: =+SUM(I23:I26) -> 5335.3444 | J22: =SUM(J23:J26) -> 0 | K22: =SUM(K23:K26) -> 0
C23: HE002 | D23: HERRAMIENTA MENOR | E23: GLB | F23: 0.1 | G23: 0 | H23: 3284.4444 | I23: =+(F23+G23)*H23 -> 328.44444 | J23: =+VLOOKUP(C23,INSUMOS!$B$12:$F$777,5,FALSE) -> 0 | K23: =+(F23+G23)*J23 -> 0
C24: RET01 | D24: RETIRO DE ELEMENTOS RECICLABLES | E24: UN | F24: 1 | G24: 0 | H24: 2000 | I24: =+(F24+G24)*H24 -> 2000 | J24: 0 | K24: =+(F24+G24)*J24 -> 0
C25: RE028 | D25: TAPON ROSCADO PRESIÓN PVC 1/2" | E25: UN | F25: 1 | G25: 0 | H25: 510 | I25: =+(F25+G25)*H25 -> 510 | J25: =+VLOOKUP(C25,INSUMOS!$B$12:$F$777,5,FALSE) -> 0 | K25: =+(F25+G25)*J25 -> 0
C26: MO004 | D26: AYUDANTE ALBAÑILERIA CON PRESTACIONES | E26: HC | F26: 0.3 | G26: 0 | H26: 8323 | I26: =+(F26+G26)*H26 -> 2496.9 | J26: =+VLOOKUP(C26,INSUMOS!$B$12:$F$777,5,FALSE) -> 0 | K26: =+(F26+G26)*J26 -> 0
B27: 2.1.3 | D27: DESMONTE DE LAVAPLATOS EN ACERO INOXIDABLE DOBLE | E27: UN | I27: =+SUM(I28:I31) -> 4919.1944 | J27: =SUM(J28:J31) -> 0 | K27: =SUM(K28:K31) -> 0
C28: HE002 | D28: HERRAMIENTA MENOR | E28: GLB | F28: 0.1 | G28: 0 | H28: 3284.4444 | I28: =+(F28+G28)*H28 -> 328.44444 | J28: =+VLOOKUP(C28,INSUMOS!$B$12:$F$777,5,FALSE) -> 0 | K28: =+(F28+G28)*J28 -> 0
C29: RET01 | D29: RETIRO DE ELEMENTOS RECICLABLES | E29: UN | F29: 1 | G29: 0 | H29: 2000 | I29: =+(F29+G29)*H29 -> 2000 | J29: 0 | K29: 0
C30: RE028 | D30: TAPON ROSCADO PRESIÓN PVC 1/2" | E30: UN | F30: 1 | G30: 0 | H30: 510 | I30: =+(F30+G30)*H30 -> 510 | J30: =+VLOOKUP(C30,INSUMOS!$B$12:$F$777,5,FALSE) -> 0 | K30: =+(F30+G30)*J30 -> 0
C31: MO004 | D31: AYUDANTE ALBAÑILERIA CON PRESTACIONES | E31: HC | F31: 0.25 | G31: 0 | H31: 8323 | I31: =+(F31+G31)*H31 -> 2080.75 | J31: =+VLOOKUP(C31,INSUMOS!$B$12:$F$777,5,FALSE) -> 0 | K31: =+(F31+G31)*J31 -> 0
B32: 2.1.4 | D32: DESMONTE TEJA TERMOACUSTICA (INCLUYE RETIRO) | E32: M2 | I32: =+SUM(I33:I36) -> 5035.7144 | J32: =SUM(J33:J36) -> 0 | K32: =SUM(K33:K36) -> 0
C33: HE002 | D33: HERRAMIENTA MENOR | E33: GLB | F33: 0.1 | G33: 0 | H33: 3284.4444 | I33: =+(F33+G33)*H33 -> 328.44444 | J33: =+VLOOKUP(C33,INSUMOS!$B$12:$F$777,5,FALSE) -> 0 | K33: 0
C34: HE020 | D34: ANDAMIO TUBULAR 1,5*1,5 C/CRUCETA) | E34: DIA | F34: 0.1 | G34: 0 | H34: 1200 | I34: =+(F34+G34)*H34 -> 120 | J34: 0 | K34: 0
C35: EQ014 | D35: VOLQUETA 6M3 (INCLUYE CARGUE Y ESCOMBRERA) | E35: VJ | F35: 0.001 | G35: 0 | H35: 300720 | I35: =+(F35+G35)*H35 -> 300.72 | J35: 0 | K35: 0
C36: MO051 | D36: CUADRILLA AA (OFICIAL + 2 AYUDANTES) ALBAÑILERIA | E36: HC | F36: 0.15 | G36: 0 | H36: 28577 | I36: =+(F36+G36)*H36 -> 4286.55 | J36: 0 | K36: 0
B37: 2.1.5 | D37: DESMONTE TEJA DE ZINC (INCLUYE ESTRUCTURA PORTANTE Y RETIRO) | E37: M2 | I37: =+SUM(I38:I41) -> 5035.7144 | J37: =SUM(J38:J41) -> 0 | K37: =SUM(K38:K41) -> 0
C38: HE002 | D38: HERRAMIENTA MENOR | E38: GLB | F38: 0.1 | G38: 0 | H38: 3284.4444 | I38: =+(F38+G38)*H38 -> 328.44444 | J38: =+VLOOKUP(C38,INSUMOS!$B$12:$F$777,5,FALSE) -> 0 | K38: =+(F38+G38)*J38 -> 0
C39: HE020 | D39: ANDAMIO TUBULAR 1,5*1,5 C/CRUCETA (INCLUYE PLANCHON) | E39: DIA | F39: 0.1 | G39: 0 | H39: 1200 | I39: =+(F39+G39)*H39 -> 120 | J39: 0 | K39: 0
C40: EQ014 | D40: VOLQUETA 6M3 (INCLUYE CARGUE Y ESCOMBRERA) | E40: VJ | F40: 0.001 | G40: 0 | H40: 300720 | I40: =+(F40+G40)*H40 -> 300.72 | J40: =+VLOOKUP(C40,INSUMOS!$B$12:$F$777,5,FALSE) -> 0 | K40: =+(F40+G40)*J40 -> 0
C41: MO051 | D41: CUADRILLA AA (OFICIAL + 2 AYUDANTES) ALBAÑILERIA | E41: HC | F41: 0.15 | G41: 0 | H41: 28577 | I41: =+(F41+G41)*H41 -> 4286.55 | J41: =+VLOOKUP(C41,INSUMOS!$B$12:$F$777,5,FALSE) -> 0 | K41: =+(F41+G41)*J41 -> 0
B42: 2.1.6 | D42: DESMONTE TEJA ASBESTO CEMENTO (INCLUYE RETIRO) | E42: M2 | I42: =+SUM(I43:I46) -> 7680.2189 | J42: =SUM(J43:J46) -> 0 | K42: =SUM(K43:K46) -> 0
C43: HE002 | D43: HERRAMIENTA MENOR | E43: GLB | F43: 0.2 | G43: 0 | H43: 3284.4444 | I43: =+(F43+G43)*H43 -> 656.88888 | J43: =+VLOOKUP(C43,INSUMOS!$B$12:$F$777,5,FALSE) -> 0 | K43: =+(F43+G43)*J43 -> 0
C44: HE020 | D44: ANDAMIO TUBULAR 1,5*1,5 C/CRUCETA | E44: DIA | F44: 0.1 | G44: 0 | H44: 1200 | I44: =+(F44+G44)*H44 -> 120 | J44: 0 | K44: 0
C45: EQ014 | D45: VOLQUETA 6M3 (INCLUYE CARGUE Y ESCOMBRERA) | E45: VJ | F45: 0.003 | G45: 0 | H45: 300720 | I45: =+(F45+G45)*H45 -> 902.16 | J45: =+VLOOKUP(C45,INSUMOS!$B$12:$F$777,5,FALSE) -> 0 | K45: 0
C46: MO051 | D46: CUADRILLA AA (OFICIAL + 2 AYUDANTES) ALBAÑILERIA | E46: HC | F46: 0.21 | G46: 0 | H46: 28577 | I46: =+(F46+G46)*H46 -> 6001.17 | J46: 0 | K46: 0
B47: 2.1.7 | D47: DESMONTE ESTRUCTURA PORTANTE DE CUBIERTA (INCLUYE RETIRO) | E47: M2 | I47: =+SUM(I48:I51) -> 3346.1044 | J47: =SUM(J48:J51) -> 0 | K47: =SUM(K48:K51) -> 0
C48: HE002 | D48: HERRAMIENTA MENOR | E48: GLB | F48: 0.1 | G48: 0 | H48: 3284.4444 | I48: =+(F48+G48)*H48 -> 328.44444 | J48: =+VLOOKUP(C48,INSUMOS!$B$12:$F$777,5,FALSE) -> 0 | K48: =+(F48+G48)*J48 -> 0
C49: HE020 | D49: ANDAMIO TUBULAR 1,5*1,5 C/CRUCETA | E49: DIA | F49: 0.008 | G49: 0 | H49: 1200 | I49: =+(F49+G49)*H49 -> 9.6 | J49: 0 | K49: 0
C50: EQ014 | D50: VOLQUETA 6M3 (INCLUYE CARGUE Y ESCOMBRERA) | E50: VJ | F50: 0.0005 | G50: 0 | H50: 300720 | I50: =+(F50+G50)*H50 -> 150.36 | J50: =+VLOOKUP(C50,INSUMOS!$B$12:$F$777,5,FALSE) -> 0 | K50: =+(F50+G50)*J50 -> 0
C51: MO051 | D51: CUADRILLA AA (OFICIAL + 2 AYUDANTES) ALBAÑILERIA | E51: HC | F51: 0.1 | G51: 0 | H51: 28577 | I51: =+(F51+G51)*H51 -> 2857.7 | J51: =+VLOOKUP(C51,INSUMOS!$B$12:$F$777,5,FALSE) -> 0 | K51: =+(F51+G51)*J51 -> 0
B52: 2.1.8 | D52: DESMONTE CANAL A. LL. Y/O BAJANTE DE A.LL. (INCLUYE RETIRO) | E52: M | I52: =+SUM(I53:I56) -> 3973.6184 | J52: =SUM(J53:J56) -> 0 | K52: =SUM(K53:K56) -> 0
C53: HE002 | D53: HERRAMIENTA MENOR | E53: GLB | F53: 0.1 | G53: 0 | H53: 3284.4444 | I53: =+(F53+G53)*H53 -> 328.44444 | J53: =+VLOOKUP(C53,INSUMOS!$B$12:$F$777,5,FALSE) -> 0 | K53: =+(F53+G53)*J53 -> 0
C54: HE020 | D54: ANDAMIO TUBULAR 1,5*1,5 C/CRUCETA) | E54: DIA | F54: 0.08 | G54: 0 | H54: 1200 | I54: =+(F54+G54)*H54 -> 96 | J54: =+VLOOKUP(C54,INSUMOS!$B$12:$F$777,5,FALSE) -> 0 | K54: =+(F54+G54)*J54 -> 0
C55: EQ014 | D55: VOLQUETA 6M3 (INCLUYE CARGUE Y ESCOMBRERA) | E55: VJ | F55: 0.0017 | G55: 0 | H55: 300720 | I55: =+(F55+G55)*H55 -> 511.224 | J55: =+VLOOKUP(C55,INSUMOS!$B$12:$F$777,5,FALSE) -> 0 | K55: =+(F55+G55)*J55 -> 0
C56: MO031 | D56: CUADRILLA AA (OFICIAL + 1 AYUDANTES) ALBAÑILERIA | E56: JR | F56: 0.15 | G56: 0 | H56: 20253 | I56: =+(F56+G56)*H56 -> 3037.95 | J56: =+VLOOKUP(C56,INSUMOS!$B$12:$F$777,5,FALSE) -> 0 | K56: =+(F56+G56)*J56 -> 0
B57: 2.1.9 | D57: DESMONTE MARCOS Y PUERTAS EN MADERA Y/O METALICAS, MEDIDAS DE ANCHO 0.60 M - 0.80 M - 1.00 M Y ALTURA VARIABLE, INCLUYE RETIRO | E57: UN | I57: =+SUM(I58:I60) -> 7811.1778 | J57: =SUM(J58:J60) -> 0 | K57: =SUM(K58:K60) -> 0
C58: HE002 | D58: HERRAMIENTA MENOR | E58: GLB | F58: 0.4 | G58: 0 | H58: 3284.4444 | I58: =+(F58+G58)*H58 -> 1313.7778 | J58: =+VLOOKUP(C58,INSUMOS!$B$12:$F$777,5,FALSE) -> 0 | K58: =+(F58+G58)*J58 -> 0
C59: EQ014 | D59: VOLQUETA 6M3 (INCLUYE CARGUE Y ESCOMBRERA) | E59: VJ | F59: 0.005 | G59: 0 | H59: 300720 | I59: =+(F59+G59)*H59 -> 1503.6 | J59: 0 | K59: 0
C60: MO033 | D60: CUADRILLA AA (2 AYUDANTES ALBAÑILERIA CON PRESTACIONES) | E60: HC | F60: 0.3 | G60: 0 | H60: 16646 | I60: =+(F60+G60)*H60 -> 4993.8 | J60: 0 | K60: 0
B61: 2.1.10 | D61: DESMONTE TUBERÍAS PVCS Y PVCP (INCLUYE RETIRO) | E61: M | I61: =+SUM(I62:I64) -> 3646.0133 | J61: =SUM(J62:J64) -> 0 | K61: =SUM(K62:K64) -> 0
C62: HE002 | D62: HERRAMIENTA MENOR | E62: GLB | F62: 0.3 | G62: 0 | H62: 3284.4444 | I62: =+(F62+G62)*H62 -> 985.33332 | J62: =+VLOOKUP(C62,INSUMOS!$B$12:$F$777,5,FALSE) -> 0 | K62: =+(F62+G62)*J62 -> 0
C63: EQ014 | D63: VOLQUETA 6M3 (INCLUYE CARGUE Y ESCOMBRERA) | E63: VJ | F63: 0.0025 | G63: 0 | H63: 300720 | I63: =+(F63+G63)*H63 -> 751.8 | J63: =+VLOOKUP(C63,INSUMOS!$B$12:$F$777,5,FALSE) -> 0 | K63: =+(F63+G63)*J63 -> 0
C64: MO053 | D64: CUADRILLA BB INSTALACIONES (OFICIAL + 1 AYUDANTE) | E64: HC | F64: 0.08 | G64: 0 | H64: 23861 | I64: =+(F64+G64)*H64 -> 1908.88 | J64: =+VLOOKUP(C64,INSUMOS!$B$12:$F$777,5,FALSE) -> 0 | K64: =+(F64+G64)*J64 -> 0
B65: 2.1.11 | D65: DESMONTE DE ENTREPISOS EN MADERA (INCLUYE RETIRO) | E65: M2 | I65: =+SUM(I66:I69) -> 19936.082 | J65: =SUM(J66:J69) -> 0 | K65: =SUM(K66:K69) -> 0
C66: HE002 | D66: HERRAMIENTA MENOR | E66: GLB | F66: 0.5 | G66: 0 | H66: 3284.4444 | I66: =+(F66+G66)*H66 -> 1642.2222 | J66: =+VLOOKUP(C66,INSUMOS!$B$12:$F$777,5,FALSE) -> 0 | K66: =+(F66+G66)*J66 -> 0
C67: HE020 | D67: ANDAMIO TUBULAR 1,5*1,5 C/CRUCETA) | E67: DIA | F67: 0.08 | G67: 0 | H67: 1200 | I67: =+(F67+G67)*H67 -> 96
C68: EQ014 | D68: VOLQUETA 6M3 (INCLUYE CARGUE Y ESCOMBRERA) | E68: VJ | F68: 0.013 | G68: 0 | H68: 300720 | I68: =+(F68+G68)*H68 -> 3909.36
C69: MO051 | D69: CUADRILLA AA (OFICIAL + 2 AYUDANTES) ALBAÑILERIA | E69: HC | F69: 0.5 | G69: 0 | H69: 28577 | I69: =+(F69+G69)*H69 -> 14288.5
B70: 2.2.2 | D70: DEMOLICIÓN MUROS DE E= 0.10 M A 0.15 M EN MAMPOSTERÍA EN BLOQUE (INCLUYE DEMOLICIÓN DE ENCHAPES Y RETIRO) | E70: M2 | I70: =+SUM(I71:I73) -> 17294.384 | J70: =SUM(J71:J73) -> 0 | K70: =SUM(K71:K73) -> 0
C71: HE002 | D71: HERRAMIENTA MENOR | E71: GLB | F71: 1 | G71: 0 | H71: 3284.4444 | I71: =+(F71+G71)*H71 -> 3284.4444 | J71: =+VLOOKUP(C71,INSUMOS!$B$12:$F$777,5,FALSE) -> 0 | K71: =+(F71+G71)*J71 -> 0
C72: EQ014 | D72: VOLQUETA 6M3 (INCLUYE CARGUE Y ESCOMBRERA) | E72: VJ | F72: 0.025 | G72: 0 | H72: 300720 | I72: =+(F72+G72)*H72 -> 7518 | J72: =+VLOOKUP(C72,INSUMOS!$B$12:$F$777,5,FALSE) -> 0 | K72: =+(F72+G72)*J72 -> 0
C73: MO033 | D73: CUADRILLA AA (DOS AYUDANTES ALBAÑILERIA CON PRESTACIONES) | E73: HC | F73: 0.39 | G73: 0 | H73: 16646 | I73: =+(F73+G73)*H73 -> 6491.94 | J73: =+VLOOKUP(C73,INSUMOS!$B$12:$F$777,5,FALSE) -> 0 | K73: =+(F73+G73)*J73 -> 0
B74: 2.2.1 | D74: DEMOLICIÓN BALDOSA DE PISO , INCLUYE GUARDAESCOBA Y RETIRO) | E74: M2 | I74: =+SUM(I75:I77) -> 9643.1472 | J74: =SUM(J75:J77) -> 0 | K74: =SUM(K75:K77) -> 0
C75: HE002 | D75: HERRAMIENTA MENOR | E75: GLB | F75: 0.5 | G75: 0 | H75: 3284.4444 | I75: =+(F75+G75)*H75 -> 1642.2222 | J75: =+VLOOKUP(C75,INSUMOS!$B$12:$F$777,5,FALSE) -> 0 | K75: =+(F75+G75)*J75 -> 0
C76: EQ014 | D76: VOLQUETA 6M3 (INCLUYE CARGUE Y ESCOMBRERA) | E76: VJ | F76: 0.01 | G76: 0 | H76: 300720 | I76: =+(F76+G76)*H76 -> 3007.2 | J76: =+VLOOKUP(C76,INSUMOS!$B$12:$F$777,5,FALSE) -> 0 | K76: =+(F76+G76)*J76 -> 0
C77: MO033 | D77: CUADRILLA (2 AYUDANTES ALBAÑILERIA CON PRESTACIONES) (HC) | E77: HC | F77: 0.3 | G77: 0 | H77: 16645.75 | I77: =+(F77+G77)*H77 -> 4993.725 | J77: =+VLOOKUP(C77,INSUMOS!$B$12:$F$777,5,FALSE) -> 0 | K77: =+(F77+G77)*J77 -> 0
B78: 2.2.3 | D78: DEMOLICIÓN ENCHAPE DE MURO (INCLUYE RETIRO) | E78: M2 | I78: =+SUM(I79:I81) -> 6796.0982 | J78: =SUM(J79:J81) -> 0 | K78: =SUM(K79:K81) -> 0
C79: HE002 | D79: HERRAMIENTA MENOR | E79: GLB | F79: 0.5 | G79: 0 | H79: 3284.4444 | I79: =+(F79+G79)*H79 -> 1642.2222 | J79: =+VLOOKUP(C79,INSUMOS!$B$12:$F$777,5,FALSE) -> 0 | K79: =+(F79+G79)*J79 -> 0
C80: EQ014 | D80: VOLQUETA 6M3 (INCLUYE CARGUE Y ESCOMBRERA) | E80: VJ | F80: 0.0033 | G80: 0 | H80: 300720 | I80: =+(F80+G80)*H80 -> 992.376 | J80: =+VLOOKUP(C80,INSUMOS!$B$12:$F$777,5,FALSE) -> 0 | K80: =+(F80+G80)*J80 -> 0
C81: MO033 | D81: CUADRILLA AA (DOS AYUDANTES ALBAÑILERIA CON PRESTACIONES) | E81: HC | F81: 0.25 | G81: 0 | H81: 16646 | I81: =+(F81+G81)*H81 -> 4161.5 | J81: =+VLOOKUP(C81,INSUMOS!$B$12:$F$777,5,FALSE) -> 0 | K81: =+(F81+G81)*J81 -> 0
B82: 2.2.4 | D82: DEMOLICIÓN PAÑETE (INCLUYE RETIRO) | E82: M2 | I82: =+SUM(I83:I85) -> 8117.2444 | J82: =SUM(J83:J85) -> 0 | K82: =SUM(K83:K85) -> 0
C83: HE002 | D83: HERRAMIENTA MENOR | E83: GLB | F83: 1 | G83: 0 | H83: 3284.4444 | I83: =+(F83+G83)*H83 -> 3284.4444 | J83: =+VLOOKUP(C83,INSUMOS!$B$12:$F$777,5,FALSE) -> 0 | K83: =+(F83+G83)*J83 -> 0
C84: EQ014 | D84: VOLQUETA 6M3 (INCLUYE CARGUE Y ESCOMBRERA) | E84: VJ | F84: 0.005 | G84: 0 | H84: 300720 | I84: =+(F84+G84)*H84 -> 1503.6 | J84: =+VLOOKUP(C84,INSUMOS!$B$12:$F$777,5,FALSE) -> 0 | K84: =+(F84+G84)*J84 -> 0
C85: MO033 | D85: CUADRILLA AA (DOS AYUDANTES ALBAÑILERIA CON PRESTACIONES) | E85: HC | F85: 0.2 | G85: 0 | H85: 16646 | I85: =+(F85+G85)*H85 -> 3329.2 | J85: =+VLOOKUP(C85,INSUMOS!$B$12:$F$777,5,FALSE) -> 0 | K85: =+(F85+G85)*J85 -> 0
B86: 2.2.5 | D86: DEMOLICIÓN MESÓN COCINA (INCLUYE RETIRO) | E86: M | I86: =+SUM(I87:I89) -> 20329.422 | J86: =SUM(J87:J89) -> 0 | K86: =SUM(K87:K89) -> 0
C87: HE002 | D87: HERRAMIENTA MENOR | E87: GLB | F87: 0.5 | G87: 0 | H87: 3284.4444 | I87: =+(F87+G87)*H87 -> 1642.2222 | J87: =+VLOOKUP(C87,INSUMOS!$B$12:$F$777,5,FALSE) -> 0 | K87: =+(F87+G87)*J87 -> 0
C88: EQ014 | D88: VOLQUETA 6M3 (INCLUYE CARGUE Y ESCOMBRERA) | E88: VJ | F88: 0.04 | G88: 0 | H88: 300720 | I88: =+(F88+G88)*H88 -> 12028.8 | J88: =+VLOOKUP(C88,INSUMOS!$B$12:$F$777,5,FALSE) -> 0 | K88: =+(F88+G88)*J88 -> 0
C89: MO004 | D89: AYUDANTE ALBAÑILERIA CON PRESTACIONES | E89: HC | F89: 0.8 | G89: 0 | H89: 8323 | I89: =+(F89+G89)*H89 -> 6658.4 | J89: =+VLOOKUP(C89,INSUMOS!$B$12:$F$777,5,FALSE) -> 0 | K89: =+(F89+G89)*J89 -> 0
B90: 3.1 | D90: POYO PARA MUEBLES (INDIFERENTE DE SU USO) EN CONCRETO MEZCLA EN OBRA 1:2:4 (2.500 PSI APROX.) ACABADO LISO. ESPESOR DE 5 CM. | E90: M | I90: =+SUM(I91:I94) -> 35515.475 | J90: =SUM(J91:J94) -> 0 | K90: =SUM(K91:K94) -> 0
C91: HE002 | D91: HERRAMIENTA MENOR | E91: GLB | F91: 0.37 | G91: 0 | H91: 3284.4444 | I91: =+(F91+G91)*H91 -> 1215.2444 | J91: =+VLOOKUP(C91,INSUMOS!$B$12:$F$777,5,FALSE) -> 0 | K91: =+(F91+G91)*J91 -> 0
C92: FO001 | D92: FORMALETA MADERA -TABLERO EN MADERA DE 0 ,70 M X 1,4 M (ALQUILER) | E92: DIA | F92: 2 | G92: 0 | H92: 327 | I92: =+(F92+G92)*H92 -> 654 | J92: 0 | K92: 0
C93: SUB-CO05 | D93: CONCRETO MEZCLA EN OBRA 1:2:4 AGREGADOS DE RIO (APROX 2500 PSI) | E93: M3 | F93: 0.03 | G93: 0 | H93: 359487.7 | I93: =+(F93+G93)*H93 -> 10784.631 | J93: =+VLOOKUP(C93,INSUMOS!$B$12:$F$777,5,FALSE) -> 0 | K93: =+(F93+G93)*J93 -> 0
C94: MO051 | D94: CUADRILLA AA (OFICIAL + 2 AYUDANTES) ALBAÑILERIA | E94: HC | F94: 0.8 | G94: 0 | H94: 28577 | I94: =+(F94+G94)*H94 -> 22861.6 | J94: =+VLOOKUP(C94,INSUMOS!$B$12:$F$777,5,FALSE) -> 0 | K94: =+(F94+G94)*J94 -> 0
B95: 4.1 | D95: BAJANTE AGUAS LLUVIAS PVC 4" (INCLUYE ACCESORIOS) | E95: M | I95: =+SUM(I96:I100) -> 23237.294 | J95: =SUM(J96:J100) -> 0 | K95: =SUM(K96:K100) -> 0
C96: HE002 | D96: HERRAMIENTA MENOR | E96: GLB | F96: 0.1 | G96: 0 | H96: 3284.4444 | I96: =+(F96+G96)*H96 -> 328.44444 | J96: =+VLOOKUP(C96,INSUMOS!$B$12:$F$777,5,FALSE) -> 0 | K96: =+(F96+G96)*J96 -> 0
C97: HE020 | D97: ANDAMIO TUBULAR 1,5*1,5 C/CRUCETA) | E97: DIA | F97: 0.33 | G97: 0 | H97: 1200 | I97: =+(F97+G97)*H97 -> 396 | J97: 0 | K97: 0
C98: RE056 | D98: CODO 90 C X C PVC SANITARIA 4" | E98: UN | F98: 0.2 | G98: 0 | H98: 13133.5 | I98: =+(F98+G98)*H98 -> 2626.7 | J98: 0 | K98: 0
C99: RE044 | D99: TUBERIA PVC ALL 4" | E99: ML | F99: 1.05 | G99: 0 | H99: 13258 | I99: =+(F99+G99)*H99 -> 13920.9 | J99: 0 | K99: 0
C100: MO053 | D100: CUADRILLA BB INSTALACIONES (OFICIAL + 1 AYUDANTE) | E100: HC | F100: 0.25 | G100: 0 | H100: 23861 | I100: =+(F100+G100)*H100 -> 5965.25 | J100: 0 | K100: 0
B101: 4.2 | D101: BAJANTE AGUAS LLUVIAS PVC 3" (INCLUYE ACCESORIOS) | E101: M | I101: =+SUM(I102:I106) -> 15567.044 | J101: =SUM(J102:J106) -> 0 | K101: =SUM(K102:K106) -> 0
C102: HE002 | D102: HERRAMIENTA MENOR | E102: GLB | F102: 0.1 | G102: 0 | H102: 3284.4444 | I102: =+(F102+G102)*H102 -> 328.44444 | J102: =+VLOOKUP(C102,INSUMOS!$B$12:$F$777,5,FALSE) -> 0 | K102: =+(F102+G102)*J102 -> 0
C103: HE020 | D103: ANDAMIO TUBULAR 1,5*1,5 C/CRUCETA) | E103: DIA | F103: 0.33 | G103: 0 | H103: 1200 | I103: =+(F103+G103)*H103 -> 396 | J103: 0 | K103: 0
C104: RE055 | D104: CODO 90 C X C PVC SANITARIA 3" | E104: UN | F104: 0.2 | G104: 0 | H104: 7085.5 | I104: =+(F104+G104)*H104 -> 1417.1 | J104: 0 | K104: 0
C105: RE045 | D105: TUBERIA PVC ALL 3" | E105: ML | F105: 1.05 | G105: 0 | H105: 7105 | I105: =+(F105+G105)*H105 -> 7460.25 | J105: 0 | K105: 0
C106: MO053 | D106: CUADRILLA BB INSTALACIONES (OFICIAL + 1 AYUDANTE) | E106: HC | F106: 0.25 | G106: 0 | H106: 23861 | I106: =+(F106+G106)*H106 -> 5965.25 | J106: 0 | K106: 0
B107: 4.3 | D107: BAJANTE PVC BLANCO EXTERNO LISO- SOBRE FACHADAS | E107: M | I107: =+SUM(I108:I115) -> 36949.339 | J107: =SUM(J108:J115) -> 0 | K107: =SUM(K108:K115) -> 0
...

Sheet PRESUPUESTADOR
F3: SECRETARIA DISTRITAL DEL HÁBITAT
F4: ANEXO - OFERTA ECONÓMICA
F6: OBJETO CONTRACTUAL:
F7: CONTRATAR LA EJECUCIÓN DE LAS OBRAS DE MEJORAMIENTO DE VIVIENDA EN LA MODALIDAD DE HABITABILIDAD DE LOS PROYECTOS ESTRUCTURADOS EN LOS TERRITORIOS PRIORIZADOS POR LA SECRETARÍA DISTRITAL DEL HÁBITAT. GRUPOS 1, 2 Y 3 - 2022
B12: CÓDIGO APU | C12: ITEM | D12: SUB | E12: DESCRIPCIÓN | F12: UNIDAD | G12: PRECIO UNITARIO ESTIMADO POR LA ENTIDAD | H12: PRECIO UNITARIO OFERTADO POR EL PROPONENTE | I12: CANTIDAD | J12: VALOR TOTAL ESTIMADO POR LA ENTIDAD | K12: VALOR TOTAL OFERTADO POR EL PROPONENTE
C13: 1 | E13: PRELIMINARES | J13: =+J14 -> 155144.54 | K13: =+K14 -> 0
B14: 1.1 | E14: TRANSPORTE DE MATERIALES TRASIEGO EN OBRA | F14: M3 | G14: 155144.54 | H14: 0 | I14: 1 | J14: =+G14*I14 -> 155144.54 | K14: =+H14*I14 -> 0
C15: 2 | E15: DESMONTES Y DEMOLICIONES | H15: =SUM(H16:H27) -> 0 | J15: =J16+J28 -> 135906.46 | K15: =SUM(K16:K27) -> 0
B16: 2.1 | C16: 2 | E16: DESMONTES Y DEMOLICIONES | H16: =SUM(H17:H27) -> 0 | J16: =SUM(J17:J27) -> 73726.091 | K16: =SUM(K17:K27) -> 0
B17: 2.1 | C17: 2 | D17: 1 | E17: DESMONTE DE LAVAMANOS O SANITARIO (INCLUYE RETIRO DE ESCOMBROS) | F17: UN | G17: 7335.3524 | H17: 0 | I17: 1 | J17: =+G17*I17 -> 7335.3524 | K17: =+H17*I17 -> 0
B18: 2.1 | C18: 2 | D18: 2 | E18: DESMONTE DE LAVAPLATOS EN ACERO INOXIDABLE SENCILLO | F18: UN | G18: 5335.3444 | H18: 0 | I18: 1 | J18: =+G18*I18 -> 5335.3444 | K18: =+H18*I18 -> 0
B19: 2.1 | C19: 2 | D19: 3 | E19: DESMONTE DE LAVAPLATOS EN ACERO INOXIDABLE DOBLE | F19: UN | G19: 4919.1944 | H19: 0 | I19: 1 | J19: =+G19*I19 -> 4919.1944 | K19: =+H19*I19 -> 0
B20: 2.1 | C20: 2 | D20: 4 | E20: DESMONTE TEJA TERMOACUSTICA (INCLUYE RETIRO) | F20: M2 | G20: 4707.27 | H20: 0 | I20: 1 | J20: =+G20*I20 -> 4707.27 | K20: =+H20*I20 -> 0
B21: 2.1 | C21: 2 | D21: 5 | E21: DESMONTE TEJA DE ZINC (INCLUYE ESTRUCTURA PORTANTE Y RETIRO) | F21: M2 | G21: 5035.7144 | H21: 0 | I21: 1 | J21: =+G21*I21 -> 5035.7144 | K21: =+H21*I21 -> 0
B22: 2.1 | C22: 2 | D22: 6 | E22: DESMONTE TEJA ASBESTO CEMENTO (INCLUYE RETIRO) | F22: M2 | G22: 7680.2189 | H22: 0 | I22: 1 | J22: =+G22*I22 -> 7680.2189 | K22: =+H22*I22 -> 0
B23: 2.1 | C23: 2 | D23: 7 | E23: DESMONTE ESTRUCTURA PORTANTE DE CUBIERTA (INCLUYE RETIRO) | F23: M2 | G23: 3346.1044 | H23: 0 | I23: 1 | J23: =+G23*I23 -> 3346.1044 | K23: =+H23*I23 -> 0
B24: 2.1 | C24: 2 | D24: 8 | E24: DESMONTE CANAL A. LL. Y/O BAJANTE DE A.LL. (INCLUYE RETIRO) | F24: M | G24: 3973.6184 | H24: 0 | I24: 1 | J24: =+G24*I24 -> 3973.6184 | K24: =+H24*I24 -> 0
B25: 2.1 | C25: 2 | D25: 9 | E25: DESMONTE MARCOS Y PUERTAS EN MADERA Y/O METALICAS, MEDIDAS DE ANCHO 0.60 M - 0.80 M - 1.00 M Y ALTURA VARIABLE, INCLUYE RETIRO | F25: UN | G25: 7811.1778 | H25: 0 | I25: 1 | J25: =+G25*I25 -> 7811.1778 | K25: =+H25*I25 -> 0
B26: 2.1 | C26: 2 | D26: 10 | E26: DESMONTE TUBERÍAS PVCS Y PVCP (INCLUYE RETIRO) | F26: M | G26: 3646.0133 | H26: 0 | I26: 1 | J26: =+G26*I26 -> 3646.0133 | K26: =+H26*I26 -> 0
B27: 2.1 | C27: 2 | D27: 11 | E27: DESMONTE DE ENTREPISOS EN MADERA (INCLUYE RETIRO) | F27: M2 | G27: 19936.082 | H27: 0 | I27: 1 | J27: =+G27*I27 -> 19936.082 | K27: =+H27*I27 -> 0
C28: 2 | E28: DEMOLICIONES | H28: =SUM(H29:H33) -> 0 | J28: =SUM(J29:J33) -> 62180.371 | K28: =SUM(K29:K33) -> 0
B29: 2.2 | C29: 2 | D29: 1 | E29: DEMOLICIÓN BALDOSA DE PISO , INCLUYE GUARDAESCOBA Y RETIRO) | F29: M2 | G29: 9643.2222 | H29: 0 | I29: 1 | J29: =+G29*I29 -> 9643.2222 | K29: =+H29*I29 -> 0
B30: 2.2 | C30: 2 | D30: 2 | E30: DEMOLICIÓN MUROS DE E= 0.10 M A 0.15 M EN MAMPOSTERÍA EN BLOQUE (INCLUYE DEMOLICIÓN DE ENCHAPES Y RETIRO) | F30: M2 | G30: 17294.384 | H30: 0 | I30: 1 | J30: =+G30*I30 -> 17294.384 | K30: =+H30*I30 -> 0
B31: 2.2 | C31: 2 | D31: 3 | E31: DEMOLICIÓN ENCHAPE DE MURO (INCLUYE RETIRO) | F31: M2 | G31: 6796.0982 | H31: 0 | I31: 1 | J31: =+G31*I31 -> 6796.0982 | K31: =+H31*I31 -> 0
B32: 2.2 | C32: 2 | D32: 4 | E32: DEMOLICIÓN PAÑETE (INCLUYE RETIRO) | F32: M2 | G32: 8117.2444 | H32: 0 | I32: 1 | J32: =+G32*I32 -> 8117.2444 | K32: =+H32*I32 -> 0
B33: 2.2 | C33: 2 | D33: 5 | E33: DEMOLICIÓN MESÓN COCINA (INCLUYE RETIRO) | F33: M | G33: 20329.422 | H33: 0 | I33: 1 | J33: =+G33*I33 -> 20329.422 | K33: =+H33*I33 -> 0
C34: 3 | E34: ACTIVIDADES EN CONCRETO | H34: =H35 -> 0 | J34: =+SUM(J35:J35) -> 35515.475 | K34: =K35 -> 0
B35: 3.1 | C35: 3 | D35: 1 | E35: POYO PARA MUEBLES (INDIFERENTE DE SU USO) EN CONCRETO MEZCLA EN OBRA 1:2:4 (2.500 PSI APROX.) ACABADO LISO. ESPESOR DE 5 CM. | F35: M | G35: 35515.475 | H35: 0 | I35: 1 | J35: =+G35*I35 -> 35515.475 | K35: =+H35*I35 -> 0
C36: 4 | E36: INSTALACIONES HIDROSANITARIAS | H36: =SUM(H37:H59) -> 0 | J36: =SUM(J37:J59) -> 711582.32 | K36: =SUM(K37:K59) -> 0
B37: 4.1 | C37: 4 | D37: 1 | E37: BAJANTE AGUAS LLUVIAS PVC 4" (INCLUYE ACCESORIOS) | F37: M | G37: 23237.294 | H37: 0 | I37: 1 | J37: =+G37*I37 -> 23237.294 | K37: =+H37*I37 -> 0
B38: 4.2 | C38: 4 | D38: 2 | E38: BAJANTE AGUAS LLUVIAS PVC 3" (INCLUYE ACCESORIOS) | F38: M | G38: 15567.044 | H38: 0 | I38: 1 | J38: =+G38*I38 -> 15567.044 | K38: =+H38*I38 -> 0
B39: 4.3 | C39: 4 | D39: 3 | E39: BAJANTE PVC BLANCO EXTERNO LISO- SOBRE FACHADAS | F39: M | G39: 36949.339 | H39: 0 | I39: 1 | J39: =+G39*I39 -> 36949.339 | K39: =+H39*I39 -> 0
B40: 4.4 | C40: 4 | D40: 4 | E40: BAJANTE AGUAS NEGRAS PVC 4" | F40: M | G40: 33421.769 | H40: 0 | I40: 1 | J40: =+G40*I40 -> 33421.769 | K40: =+H40*I40 -> 0
B41: 4.5 | C41: 4 | D41: 5 | E41: BAJANTE AGUAS NEGRAS PVC 3" | F41: M | G41: 26657.494 | H41: 0 | I41: 1 | J41: =+G41*I41 -> 26657.494 | K41: =+H41*I41 -> 0
B42: 4.6 | C42: 4 | D42: 6 | E42: CANAL PAVCO AMAZONA IGUAL O SUPERIOR | F42: M | G42: 59498.059 | H42: 0 | I42: 1 | J42: =+G42*I42 -> 59498.059 | K42: =+H42*I42 -> 0
B43: 4.7 | C43: 4 | D43: 7 | E43: CANAL PAVCO RAINGO IGUAL O SUPERIOR | F43: M | G43: 59498.059 | H43: 0 | I43: 1 | J43: =+G43*I43 -> 59498.059 | K43: =+H43*I43 -> 0
B44: 4.8 | C44: 4 | D44: 8 | E44: PUNTO HIDRÁULICO DE ½” | F44: UN | G44: 38008.389 | H44: 0 | I44: 1 | J44: =+G44*I44 -> 38008.389 | K44: =+H44*I44 -> 0
B45: 4.9 | C45: 4 | D45: 9 | E45: RED SUMINISTRO PVCP DE 1/2" | F45: M | G45: 11371.153 | H45: 0 | I45: 1 | J45: =+G45*I45 -> 11371.153 | K45: =+H45*I45 -> 0
B46: 4.10 | C46: 4 | D46: 10 | E46: PUNTO SALIDA SANITARIA PVC S 2" | F46: UN | G46: 29784.756 | H46: 0 | I46: 1 | J46: =+G46*I46 -> 29784.756 | K46: =+H46*I46 -> 0
B47: 4.11 | C47: 4 | D47: 11 | E47: PUNTO SALIDA SANITARIA PVC S 3" | F47: UN | G47: 46168.922 | H47: 0 | I47: 1 | J47: =+G47*I47 -> 46168.922 | K47: =+H47*I47 -> 0
B48: 4.12 | C48: 4 | D48: 12 | E48: PUNTO SALIDA SANITARIA PVC S 4" | F48: UN | G48: 93779.694 | H48: 0 | I48: 1 | J48: =+G48*I48 -> 93779.694 | K48: =+H48*I48 -> 0
B49: 4.13 | C49: 4 | D49: 13 | E49: TUBERIA SANITARIA PVC 2"+ACCESORIOS | F49: M | G49: 21702.362 | H49: 0 | I49: 1 | J49: =+G49*I49 -> 21702.362 | K49: =+H49*I49 -> 0
... B59: 4.23 | C59: 4 | D59: 23 | E59: TAPONAR PUNTO SANITARIO 4" | F59: UN | G59: 7208.9944 | H59: 0 | I59: 1 | J59: =+G59*I59 -> 7208.9944 | K59: =+H59*I59 -> 0
C60: 5 | E60: INSTALACIONES ELÉCTRICAS | H60: =+SUM(H61:H63) -> 0 | J60: =+SUM(J61:J63) -> 175898.14 | K60: =+SUM(K61:K63) -> 0
B61: 5.1 | C61: 5 | D61: 1 | E61: SUMINISTRO E INSTALACIÓN DE SALIDA TOMACORRIENTE DOBLE | F61: UN | G61: 63192.722 | H61: 0 | I61: 1 | J61: =+G61*I61 -> 63192.722 | K61: =+H61*I61 -> 0
B62: 5.2 | C62: 5 | D62: 2 | E62: SUMINISTRO E INSTALACIÓN SALIDA ILUMINACION(Incluye retiro del punto existente o aplica para púnto nuevo). | F62: UN | G62: 91815.417 | H62: 0 | I62: 1 | J62: =+G62*I62 -> 91815.417 | K62: =+H62*I62 -> 0
B63: 5.3 | C63: 5 | D63: 3 | E63: PANEL LED RD LUZ BLANCA 10 - 240 V1160 LUMENES | F63: UN | G63: 20890 | H63: 0 | I63: 1 | J63: =+G63*I63 -> 20890 | K63: =+H63*I63 -> 0
C64: 6 | E64: CIELO RASO | H64: =SUM(H65:H66) -> 0 | J64: =+SUM(J65:J66) -> 114153.72 | K64: =+SUM(K65:K66) -> 0
B65: 6.1 | C65: 6 | D65: 1 | E65: CIELO RASO DRY WALL | F65: M2 | G65: 49178.982 | H65: 0 | I65: 1 | J65: =+G65*I65 -> 49178.982 | K65: =+H65*I65 -> 0
B66: 6.2 | C66: 6 | D66: 2 | E66: SUMINISTRO E INSTALACIÒN CIELO RASO TABLILLA PVC | F66: M2 | G66: 64974.742 | H66: 0 | I66: 1 | J66: =+G66*I66 -> 64974.742 | K66: =+H66*I66 -> 0
C67: 7 | E67: CUBIERTAS | H67: =SUM(H68:H73) -> 0 | J67: =+SUM(J68:J73) -> 339288.18 | K67: =+SUM(K68:K73) -> 0
B68: 7.1 | C68: 7 | D68: 1 | E68: TEJA TRASLÚCIDA TIPO ZINC GERFOR- No. 10, INCLUYE TODOS LOS ACCESORIOS NECESARIOS PARA SU CORRECTA INSTALACIÓN Y FUNCIONAMIENTO | F68: M2 | G68: 43944.962 | H68: 0 | I68: 1 | J68: =+G68*I68 -> 43944.962 | K68: =+H68*I68 -> 0
B69: 7.2 | C69: 7 | D69: 2 | E69: ELEMENTO METÁLICO PARA FLANCHE, ELEMENTO DE CUMBRERA O REMATE LATERAL PARA CUBIERTA EN ACERO GALVANIZADO DE 0,42 M DE DESARROLLO, LÁMINA CALIBRE 26. FIJACIÓN A MURO MEDIANTE SISTEMA DE REGATA Y/O CON SISTEMA DE TORNILLO AUTOPERFORANTE Y SELLE CON MORTERO IMPERMEABILIZADO 1:3 SEGÚN EL USO. | F69: M | G69: 26721.357 | H69: 0 | I69: 1 | J69: =+G69*I69 -> 26721.357 | K69: =+H69*I69 -> 0
B70: 7.3 | C70: 7 | D70: 3 | E70: CABALLETE PARA TEJA TERMOACÚSTICA, INCLUYE TODOS LOS ACCESORIOS NECESARIOS PARA SU CORRECTA INSTALACIÓN Y FUNCIONAMIENTO | F70: M | G70: 119369.77 | H70: 0 | I70: 1 | J70: =+G70*I70 -> 119369.77 | K70: =+H70*I70 -> 0
B71: 7.4 | C71: 7 | D71: 4 | E71: ACCESORIO GALVANIZADO PARA SALIDA A.LL CANAL METÁLICA DIAMETRO 4" X 4" o 3" X 3" | F71: UN | G71: 19353.504 | H71: 0 | I71: 1 | J71: =+G71*I71 -> 19353.504 | K71: =+H71*I71 -> 0
B72: 7.5 | C72: 7 | D72: 5 | E72: CANAL LÁMINA GALVANIZADA CALIBRE 18 DESARROLLO 0.75 M | F72: M | G72: 107247.17 | H72: 0 | I72: 1 | J72: =+G72*I72 -> 107247.17 | K72: =+H72*I72 -> 0
B73: 7.6 | C73: 7 | D73: 6 | E73: IMPERMEABILIZACIÓN CON MATERIAL BITUMINOSO PARA DIFERENTES ACTIVIDADES | F73: M2 | G73: 22651.418 | H73: 0 | I73: 1 | J73: =+G73*I73 -> 22651.418 | K73: =+H73*I73 -> 0
C74: 8 | E74: MANPOSTERIA | H74: =SUM(H75:H80) -> 0 | J74: =+SUM(J75:J80) -> 301744.58 | K74: =+SUM(K75:K80) -> 0
B75: 8.1 | C75: 8 | D75: 1 | E75: MAMPOSTERÍA PARA MURO DIVISORIO BLOQUE ESTRIADO No 4 | F75: M2 | G75: 37522.569 | H75: 0 | I75: 1 | J75: =+G75*I75 -> 37522.569 | K75: =+H75*I75 -> 0
B76: 8.2 | C76: 8 | D76: 2 | E76: MAMPOSTERÍA EN BLOQUE No. 4, ALTURA HASTA 0.30 M (CULATAS Y DEMÁS ACTIVIDADES POR M) | F76: M | G76: 11812.29 | H76: 0 | I76: 1 | J76: =+G76*I76 -> 11812.29 | K76: =+H76*I76 -> 0
B77: 8.3 | C77: 8 | D77: 3 | E77: MURO EN DRY WALL DOBLE CARA ESPESOR 10CM O MAYOR (INCLUYE PINTURA A 3 MANOS) | F77: M2 | G77: 79851.357 | H77: 0 | I77: 1 | J77: =+G77*I77 -> 79851.357 | K77: =+H77*I77 -> 0
B78: 8.4 | C78: 8 | D78: 4 | E78: MESÓN EN CONCRETO MEZCLA EN OBRA 1:2:4 (APROX. 2500 PSI) - E=6 CM, (INCLUYE REFUERZO EN ACERO 3/8") | F78: M | G78: 107515.54 | H78: 0 | I78: 1 | J78: =+G78*I78 -> 107515.54 | K78: =+H78*I78 -> 0
B79: 8.5 | C79: 8 | D79: 5 | E79: POYO EN CONCRETO MEZCLA EN OBRA 1:2:4 PARA LAVADERO 0.60 M X 0.60 M, (INCLUYE PAÑETE) | F79: UN | G79: 43542.738 | H79: 0 | I79: 1 | J79: =+G79*I79 -> 43542.738 | K79: =+H79*I79 -> 0
B80: 8.6 | C80: 8 | D80: 6 | E80: BORDILLO POCETA DUCHA DE 0.125 M X 0.09 M EN LADRILLO RECOCIDO. (INCLUYE MATERIALES Y MANO DE OBRA). | F80: M | G80: 21500.089 | H80: 0 | I80: 1 | J80: =+G80*I80 -> 21500.089 | K80: =+H80*I80 -> 0
C81: 9 | E81: PAÑETES Y ACABADOS PARED | H81: =+SUM(H82:H90) -> 0 | J81: =+SUM(J82:J90) -> 154159.06 | K81: =+SUM(K82:K90) -> 0
B82: 9.1 | C82: 9 | D82: 1 | E82: PAÑETE LISO IMPERMEABILIZADO INTEGRALMENTE 1:3 E= 1.5 CM | F82: M2 | G82: 28780.304 | H82: 0 | I82: 1 | J82: =+G82*I82 -> 28780.304 | K82: 0
B83: 9.2 | C83: 9 | D83: 2 | E83: PAÑETE IMPERMEABILIZADO MUROS 1:4 E= 1.5 CM. | F83: M2 | G83: 28370.264 | H83: 0 | I83: 1 | J83: =+G83*I83 -> 28370.264 | K83: 0
B84: 9.3 | C84: 9 | D84: 3 | E84: PAÑETE LISO DE MURO, MORTERO 1:4 E= 1.5 CM | F84: M2 | G84: 19893.996 | H84: 0 | I84: 1 | J84: =+G84*I84 -> 19893.996 | K84: 0
B85: 9.4 | C85: 9 | D85: 4 | E85: FILOS LISO 1:4 HASTA 30 CM | F85: M | G85: 9623.7526 | H85: 0 | I85: 1 | J85: =+G85*I85 -> 9623.7526 | K85: 0
B86: 9.5 | C86: 9 | D86: 5 | E86: PAÑETE CULATAS 1:4 e=1.5cm | F86: M2 | G86: 26505.842 | H86: 0 | I86: 1 | J86: =+G86*I86 -> 26505.842 | K86: 0
B87: 9.6 | C87: 9 | D87: 6 | E87: PAÑETE + FILOS 1:3 SOBRE SUPERFICIES DE ESTRUCTURAS EN CONCRETO E= 1.3 CM (VIGAS, COLUMNAS, DINTELES, CINTAS, ALFAGÍAS O MAMPOSTERÍA) HASTA 30 CM DE ANCHO | F87: M | G87: 13054.3 | H87: 0 | I87: 1 | J87: =+G87*I87 -> 13054.3 | K87: 0
B88: 9.7 | C88: 9 | D88: 7 | E88: PAÑETE PARA RESANE DE HUMEDAD MUROS 1:4 E= 1.5 CM. | F88: M2 | G88: 21241.871 | H88: 0 | I88: 1 | J88: =+G88*I88 -> 21241.871 | K88: 0
B89: 9.8 | C89: 9 | D89: 8 | E89: FILOS Y DILATACIONES EN MORTERO 1:3 | F89: M | G89: 3945.7848 | H89: 0 | I89: 1 | J89: =+G89*I89 -> 3945.7848 | K89: 0
B90: 9.9 | C90: 9 | D90: 9 | E90: PREPARACIÓN SUPERFICIE DE MUROS PARA INSTALACIÓN ENCHAPE (INCLUYE PICADA) | F90: M2 | G90: 2742.9479 | H90: 0 | I90: 1 | J90: =+G90*I90 -> 2742.9479 | K90: 0
C91: 10 | E91: PINTURAS | H91: =SUM(H92:H97) -> 0 | J91: =+SUM(J92:J97) -> 64949.195 | K91: =+SUM(K92:K97) -> 0
B92: 10.1 | C92: 10 | D92: 1 | E92: ANTICORROSIVO SOBRE LÁMINA LINEAL | F92: M | G92: 9101.88 | H92: 0 | I92: 1 | J92: =+G92*I92 -> 9101.88 | K92: =+H92*I92 -> 0
B93: 10.2 | C93: 10 | D93: 2 | E93: ESMALTE SOBRE LAMINA LINEAL | F93: M | G93: 8975.0844 | H93: 0 | I93: 1 | J93: =+G93*I93 -> 8975.0844 | K93: =+H93*I93 -> 0
B94: 10.3 | C94: 10 | D94: 3 | E94: ESMALTE SOBRE MARCOS MADERA | F94: M2 | G94: 18646.894 | H94: 0 | I94: 1 | J94: =+G94*I94 -> 18646.894 | K94: =+H94*I94 -> 0
B95: 10.4 | C95: 10 | D95: 4 | E95: ESTUCO ACRILICO | F95: M2 | G95: 11609.532 | H95: 0 | I95: 1 | J95: =+G95*I95 -> 11609.532 | K95: =+H95*I95 -> 0
B96: 10.5 | C96: 10 | D96: 5 | E96: VINILO TIPO 1 PARA MURO INTERIOR - 3 CAPAS (COLOR BLANCO) | F96: M2 | G96: 14309.431 | H96: 0 | I96: 1 | J96: =+G96*I96 -> 14309.431 | K96: =+H96*I96 -> 0
B97: 10.6 | C97: 10 | D97: 6 | E97: PREPARACIÓN SUPERFICIE PARA NUEVA APLICACIÓN DE PINTURAS | F97: M2 | G97: 2306.3732 | H97: 0 | I97: 1 | J97: =+G97*I97 -> 2306.3732 | K97: =+H97*I97 -> 0
C98: 11 | E98: ENCHAPES | H98: =SUM(H99:H108) -> 0 | J98: =SUM(J99:J108) -> 260567.4 | K98: =SUM(K99:K108) -> 0
B99: 11.1 | C99: 11 | D99: 1 | E99: ENCHAPE CERÁMICO PARED COCINA O BAÑO 25 CM X 35 CM IGUAL O CALIDAD SUPERIOR COLOR CLARO GARANTÍA 10 AÑOS (INCLUYE BOQUILLA) | F99: M2 | G99: 50006.363 | H99: 0 | I99: 1 | J99: =+G99*I99 -> 50006.363 | K99: =+H99*I99 -> 0
B100: 11.2 | C100: 11 | D100: 2 | E100: ENCHAPE CERÁMICO PISO O PARED, SUPERFICIE EXCLUSIVA (HASTA 0.25 M DE ANCHO) | F100: M | G100: 13444.671 | H100: 0 | I100: 1 | J100: =+G100*I100 -> 13444.671 | K100: =+H100*I100 -> 0
B101: 11.3 | C101: 11 | D101: 3 | E101: PISO EN CERÁMICA REF 33.8 CM X 33.8 CM O SUPERIOR, COLOR CLARO, TRÁFICO RESIDENCIAL GENERAL, IGUAL O CALIDAD SUPERIOR. GARANTÍA 10 AÑOS. | F101: M2 | G101: 45823.511 | H101: 0 | I101: 1 | J101: =+G101*I101 -> 45823.511 | K101: =+H101*I101 -> 0
B102: 11.4 | C102: 11 | D102: 4 | E102: GUARDAESCOBA EN CERÁMICA COLOR CLARO, TRÁFICO RESIDENCIAL GENERAL, H=7CM, IGUAL O CALIDAD SUPERIOR. GARANTÍA 10 AÑOS. | F102: M | G102: 10139.668 | H102: 0 | I102: 1 | J102: =+G102*I102 -> 10139.668 | K102: =+H102*I102 -> 0
B103: 11.5 | C103: 11 | D103: 5 | E103: ENCHAPE CERÁMICO PARED COCINA O BAÑO 25 CM X 35 CM, IGUAL O CALIDAD SUPERIOR COLOR CLARO GARANTÍA 10 AÑOS (INCLUYE BOQUILLA) | F103: M2 | G103: 48088.763 | H103: 0 | I103: 1 | J103: =+G103*I103 -> 48088.763 | K103: =+H103*I103 -> 0
B104: 11.6 | C104: 11 | D104: 6 | E104: ALISTADO DE PISOS CON MORTERO 1:4 H=4 CM | F104: M2 | G104: 24399.19 | H104: 0 | I104: 1 | J104: =+G104*I104 -> 24399.19 | K104: =+H104*I104 -> 0
B105: 11.7 | C105: 11 | D105: 7 | E105: ALISTADO IMPERMEABILIZADO DE PISO, MORTERO 1:4, E=0.04 M | F105: M2 | G105: 31028.45 | H105: 0 | I105: 1 | J105: =+G105*I105 -> 31028.45 | K105: =+H105*I105 -> 0
B106: 11.8 | C106: 11 | D106: 8 | E106: GRAVILLA LAVADA | F106: M | G106: 24955.839 | H106: 0 | I106: 1 | J106: =+G106*I106 -> 24955.839 | K106: =+H106*I106 -> 0
B107: 11.9 | C107: 11 | D107: 9 | E107: PREPARACIÓN SUPERFICIE DE PISO EN CONCRETOS ENDURECIDOS O ESMALTADO (INCLUYE PICADA) | F107: M2 | G107: 2499.4912 | H107: 0 | I107: 1 | J107: =+G107*I107 -> 2499.4912 | K107: =+H107*I107 -> 0
B108: 11.10 | C108: 11 | D108: 10 | E108: WIN METÁLICO | F108: M | G108: 10181.45 | H108: 0 | I108: 1 | J108: =+G108*I108 -> 10181.45 | K108: =+H108*I108 -> 0
C109: 12 | E109: CARPINTERIA EN MADERA | H109: =SUM(H110:H111) -> 0 | J109: =SUM(J110:J111) -> 625477.78 | K109: =SUM(K110:K111) -> 0
B110: 12.1 | C110: 12 | D110: 1 | E110: PUERTA EN MADERA ENTAMBORADA 60 Y 79 CM CON ALTURA ENTRE 180 CM Y 200 CM. TIPO INTERDOORS LÍNEA ESTAMBUL O EQUIVALENTE. IGUAL O SUPERIOR CALIDAD. INCLUYE MARCO Y ACCESORIOS. (CHAPA Y BISAGRAS) | F110: UN | G110: 291128.34 | H110: 0 | I110: 1 | J110: =+G110*I110 -> 291128.34 | K110: 0
B111: 12.2 | C111: 12 | D111: 2 | E111: PUERTA EN MADERA ENTAMBORADA 80 Y 100 CM CON ALTURA ENTRE 180 CM Y 200 CM. TIPO INTERDOORS LÍNEA ESTAMBUL O EQUIVALENTE. IGUAL O SUPERIOR CALIDAD. INCLUYE MARCO Y ACCESORIOS. | F111: UN | G111: 334349.44 | H111: 0 | I111: 1 | J111: =+G111*I111 -> 334349.44 | K111: 0
C112: 13 | E112: ESTRUCTURA METÁLICA | H112: =SUM(H113:H114) -> 0 | J112: =+SUM(J113:J114) -> 132447.12 | K112: =+SUM(K113:K114) -> 0
B113: 13.1 | C113: 13 | D113: 1 | E113: BARANDA METÁLICA SENCILLA PARA ESCALERA CON PASAMANOS EN TUBERÍA DE AGUAS NEGRAS DIÁMETRO 2" | F113: M | G113: 97300.694 | H113: 0 | I113: 1 | J113: =+G113*I113 -> 97300.694 | K113: =+H113*I113 -> 0
B114: 13.2 | C114: 13 | D114: 2 | E114: ESTRUCTURA PERFIL EN TUBO RECTANGULAR 80 MM X 40 MM CALIBRE 18 . INCLUYE ANTICORROSIVO DOS CAPAS. | F114: M | G114: 35146.422 | H114: 0 | I114: 1 | J114: =+G114*I114 -> 35146.422 | K114: =+H114*I114 -> 0
C115: 14 | E115: APARATOS BAÑOS | H115: =SUM(H116:H119) -> 0 | J115: =+SUM(J116:J119) -> 469766.36 | K115: =+SUM(K116:K119) -> 0
B116: 14.1 | C116: 14 | D116: 1 | E116: COMBO ACUAPLUS ULTRA SANITARIO + LAVAMANOS SIN PEDESTAL + GRIFERÍA + ACCESORIOS BLANCO CORONA O SIMILAR. (INCLUYE: VÁLVULA, DESAGÜE, SIFÓN, ACOPLE) | F116: UN | G116: 319007.39 | H116: 0 | I116: 1 | J116: =+G116*I116 -> 319007.39 | K116: =+H116*I116 -> 0
...
